PL
D.C. DIVIDED @ NASHVILLE OUTLAWS
05/16/2034
 
TOP OF THE 1ST
D.C. Divided batting - Pitching for Nashville Outlaws : LHP António Muńóz
Pitching: LHP António Muńóz
Batting: RHB Arturo Rodríguez 0-0: Ball
1-0: Ball
2-0: Ball
3-0: Base on Balls
Batting: RHB José Torres 0-0: Swinging Strike
0-1: Grounds into double play, 6-4-3 (Groundball, 6M)
Batting: LHB Yao-pang Chiang 0-0: Called Strike
0-1: Ball
1-1: Ground out 6-3 (Groundball, 6)
Top of the 1st over - 0 runs, 0 hits, 0 errors, 0 left on base; D.C. 0 - Nashville 0
BOTTOM OF THE 1ST
Nashville Outlaws batting - Pitching for D.C. Divided : RHP Trevor Brohard
Pitching: RHP Trevor Brohard
Batting: LHB Bartolo Soto 0-0: Ball
1-0: Fly out, F7 (Flyball, 7D)
Batting: RHB Orlando Reyes 0-0: Called Strike
0-1: SINGLE (Groundball, 6D)
Batting: LHB Mario Ramos 0-0: Ball
1-0: Ball
2-0: Called Strike
Orlando Reyes steals 2nd base
2-1: Foul Ball, location: 2F
2-2: Ball
3-2: 2-RUN HOME RUN (Flyball, 89XD), Distance : 402 ft
Batting: RHB Jerry Yates 0-0: Fly out, F9 (Line Drive, 9)
Batting: LHB Bora Garasanin 0-0: Swinging Strike
0-1: Ball
1-1: Foul Ball, location: 2F
1-2: Ball
2-2: Strikes out looking
Bottom of the 1st over - 2 runs, 2 hits, 0 errors, 0 left on base; D.C. 0 - Nashville 2
TOP OF THE 2ND
D.C. Divided batting - Pitching for Nashville Outlaws : LHP António Muńóz
Batting: RHB Wilbur Davis 0-0: Ball
1-0: Foul Ball, location: 2F
1-1: Ball
2-1: Foul Ball, location: 2F
2-2: Foul Ball, location: 2F
2-2: Ball
3-2: Base on Balls
Batting: RHB Tony Romero 0-0: Ball
1-0: Called Strike
Wilbur Davis steals 2nd base
1-1: SINGLE (Groundball, 4D)
Wilbur Davis to third
Batting: LHB Obidiah Lewis 0-0: Ball
1-0: Swinging Strike
1-1: Ball
2-1: Ball
3-1: Foul Ball, location: 2F
3-2: Foul Ball, location: 2F
3-2: Strikes out swinging
Batting: RHB Daryl Yandell 0-0: Ball
1-0: Foul Ball, location: 2F
1-1: Grounds into double play, 4-6-3 (Groundball, 4)
Top of the 2nd over - 0 runs, 1 hit, 0 errors, 1 left on base; D.C. 0 - Nashville 2
BOTTOM OF THE 2ND
Nashville Outlaws batting - Pitching for D.C. Divided : RHP Trevor Brohard
Batting: RHB Arnold Giroux 0-0: Foul Ball, location: 2F
0-1: Ball
1-1: Ball
2-1: Ball
3-1: Ground out 5-3 (Groundball, 56S)
Batting: LHB Myron Rosenbalm 0-0: Ground out 4-3 (Groundball, 4S)
Batting: LHB Juan Caro 0-0: Ball
1-0: Foul Ball, location: 2F
1-1: Ground out 4-3 (Groundball, 4)
Bottom of the 2nd over - 0 runs, 0 hits, 0 errors, 0 left on base; D.C. 0 - Nashville 2
TOP OF THE 3RD
D.C. Divided batting - Pitching for Nashville Outlaws : LHP António Muńóz
Batting: RHB Ken Bone 0-0: Ball
1-0: Fly out, F8 (Flyball, 8RM)
Batting: RHB Sherman N'Dir 0-0: Called Strike
0-1: Foul Ball, location: 2F
0-2: Strikes out swinging
Batting: RHB Arturo Rodríguez 0-0: Ball
1-0: Swinging Strike
1-1: Ball
2-1: Swinging Strike
2-2: Strikes out swinging
Top of the 3rd over - 0 runs, 0 hits, 0 errors, 0 left on base; D.C. 0 - Nashville 2
BOTTOM OF THE 3RD
Nashville Outlaws batting - Pitching for D.C. Divided : RHP Trevor Brohard
Batting: RHB Greg Schiff 0-0: Called Strike
0-1: Called Strike
0-2: Ball
1-2: Ball
2-2: Ball
3-2: Base on Balls
Batting: LHB Bartolo Soto 0-0: Ball
Greg Schiff is caught stealing 2nd base
1-0: Ball
2-0: Reached on error, E4 (Groundball, 4)
Batting: RHB Orlando Reyes 0-0: Called Strike
0-1: Ball
1-1: Ball
Bartolo Soto steals 2nd base
2-1: Called Strike
2-2: Foul Ball, location: 2F
2-2: Ball
3-2: Foul Ball, location: 2F
3-2: Foul Ball, location: 2F
3-2: Base on Balls
Batting: LHB Mario Ramos 0-0: Fly out, F8 (Flyball, 8RS)
Batting: RHB Jerry Yates 0-0: Called Strike
0-1: Foul Ball, location: 2F
0-2: Ball
1-2: Ball
2-2: Ground out 6-3 (Groundball, 6S)
Bottom of the 3rd over - 0 runs, 0 hits, 1 error, 2 left on base; D.C. 0 - Nashville 2
TOP OF THE 4TH
D.C. Divided batting - Pitching for Nashville Outlaws : LHP António Muńóz
Batting: RHB José Torres 0-0: Ball
1-0: Ball
2-0: Foul Ball, location: 2F
2-1: Foul Ball, location: 2F
2-2: Fly out, F7 (Flyball, 78XD)
Batting: LHB Yao-pang Chiang 0-0: Ball
1-0: Swinging Strike
1-1: Swinging Strike
1-2: Strikes out swinging
Batting: RHB Wilbur Davis 0-0: Called Strike
0-1: Swinging Strike
0-2: Ball
1-2: Ball
2-2: Foul Ball, location: 2F
2-2: Foul Ball, location: 2F
2-2: Foul Ball, location: 2F
2-2: Ball
3-2: Strikes out swinging
Top of the 4th over - 0 runs, 0 hits, 0 errors, 0 left on base; D.C. 0 - Nashville 2
BOTTOM OF THE 4TH
Nashville Outlaws batting - Pitching for D.C. Divided : RHP Trevor Brohard
Batting: LHB Bora Garasanin 0-0: Ball
1-0: Ball
2-0: Ground out 3-1 (Groundball, 34S)
Batting: RHB Arnold Giroux 0-0: Ball
1-0: Ball
2-0: Called Strike
2-1: Called Strike
2-2: Foul Ball, location: 2F
2-2: Foul Ball, location: 2F
2-2: Ball
3-2: Fly out, F7 (Flyball, 7S)
Batting: LHB Myron Rosenbalm 0-0: Called Strike
0-1: Foul Ball, location: 2F
0-2: Ball
1-2: Ground out 6-3 (Groundball, 6)
Bottom of the 4th over - 0 runs, 0 hits, 0 errors, 0 left on base; D.C. 0 - Nashville 2
TOP OF THE 5TH
D.C. Divided batting - Pitching for Nashville Outlaws : LHP António Muńóz
Batting: RHB Tony Romero 0-0: Ground out U3 (Groundball, 34S)
Batting: LHB Obidiah Lewis 0-0: Called Strike
0-1: Ground out 4-3 (Groundball, 4)
Batting: RHB Daryl Yandell 0-0: Fly out, F7 (Flyball, 78D)
Top of the 5th over - 0 runs, 0 hits, 0 errors, 0 left on base; D.C. 0 - Nashville 2
BOTTOM OF THE 5TH
Nashville Outlaws batting - Pitching for D.C. Divided : RHP Trevor Brohard
Batting: LHB Juan Caro 0-0: Ball
1-0: Ground out 5-3 (Groundball, 56)
Batting: RHB Greg Schiff 0-0: Called Strike
0-1: Ball
1-1: Fly out, F7 (Flyball, 7S)
Batting: LHB Bartolo Soto 0-0: Called Strike
0-1: Ground out 1-3 (Groundball, 13)
Bottom of the 5th over - 0 runs, 0 hits, 0 errors, 0 left on base; D.C. 0 - Nashville 2
TOP OF THE 6TH
D.C. Divided batting - Pitching for Nashville Outlaws : LHP António Muńóz
Batting: RHB Ken Bone 0-0: Ball
1-0: Foul Ball, location: 2F
1-1: Fly out, F9 (Flyball, 9S)
Batting: RHB Sherman N'Dir 0-0: Called Strike
0-1: Fly out, F8 (Line Drive, 8LD)
Batting: RHB Arturo Rodríguez 0-0: Ball
1-0: Foul Ball, location: 2F
1-1: Called Strike
1-2: Ball
2-2: Fly out, F9 (Line Drive, 9D)
Top of the 6th over - 0 runs, 0 hits, 0 errors, 0 left on base; D.C. 0 - Nashville 2
BOTTOM OF THE 6TH
Nashville Outlaws batting - Pitching for D.C. Divided : RHP Trevor Brohard
Batting: RHB Orlando Reyes 0-0: Swinging Strike
0-1: Ground out 5-3 (Groundball, 5)
Batting: LHB Mario Ramos 0-0: SINGLE (Line Drive, 78S)
Batting: RHB Jerry Yates 0-0: SINGLE (Groundball, 4MD)
Mario Ramos to second
Batting: LHB Bora Garasanin 0-0: Fly out, F7 (Flyball, 7D)
Batting: RHB Arnold Giroux 0-0: Ball
1-0: Called Strike
1-1: Foul Ball, location: 2F
1-2: Foul Ball, location: 2F
1-2: Foul Ball, location: 2F
1-2: Ball
2-2: Ball
Passed Ball!
Mario Ramos to third
Jerry Yates to second
3-2: 3-RUN HOME RUN (Flyball, 78XD), Distance : 427 ft
Pitching: LHP Bobby Ruegsegger
Batting: LHB Myron Rosenbalm 0-0: Called Strike
0-1: Swinging Strike
0-2: Foul Ball, location: 2F
0-2: Ball
1-2: Ball
2-2: Strikes out swinging
Bottom of the 6th over - 3 runs, 3 hits, 0 errors, 0 left on base; D.C. 0 - Nashville 5
TOP OF THE 7TH
D.C. Divided batting - Pitching for Nashville Outlaws : LHP António Muńóz
Batting: RHB José Torres 0-0: DOUBLE (Flyball, 89XD)
Batting: LHB Yao-pang Chiang 0-0: Fly out, F8 (Flyball, 78M)
Batting: RHB Wilbur Davis 0-0: Foul Ball, location: 2F
0-1: SINGLE (Groundball, 6MD)
José Torres to third
Batting: RHB Tony Romero 0-0: Foul Ball, location: 2F
0-1: Called Strike
0-2: Ball
1-2: Ball
2-2: Grounds into double play, 6-4-3 (Groundball, 6)
Top of the 7th over - 0 runs, 2 hits, 0 errors, 1 left on base; D.C. 0 - Nashville 5
BOTTOM OF THE 7TH
Nashville Outlaws batting - Pitching for D.C. Divided : LHP Bobby Ruegsegger
Batting: LHB Juan Caro 0-0: Ball
1-0: Called Strike
1-1: Ball
2-1: Ground out 1-3 (Groundball, 13S)
Batting: RHB Greg Schiff 0-0: Ball
1-0: Ground out 4-3 (Groundball, 4)
Batting: LHB Bartolo Soto 0-0: Called Strike
0-1: Foul Ball, location: 2F
0-2: Ground out 5-3 (Groundball, 56)
Bottom of the 7th over - 0 runs, 0 hits, 0 errors, 0 left on base; D.C. 0 - Nashville 5
TOP OF THE 8TH
D.C. Divided batting - Pitching for Nashville Outlaws : LHP António Muńóz
Batting: LHB Obidiah Lewis 0-0: Called Strike
0-1: Ball
1-1: Fly out, F8 (Line Drive, 8RM)
Batting: RHB Daryl Yandell 0-0: Fly out, F9 (Flyball, 89S)
Batting: RHB Ken Bone 0-0: Fly out, F7 (Flyball, 78S)
Top of the 8th over - 0 runs, 0 hits, 0 errors, 0 left on base; D.C. 0 - Nashville 5
BOTTOM OF THE 8TH
Nashville Outlaws batting - Pitching for D.C. Divided : LHP Bobby Ruegsegger
Batting: RHB Orlando Reyes 0-0: Foul Ball, location: 2F
0-1: Foul Ball, location: 2F
0-2: Ground out 5-3 (Groundball, 56)
Batting: LHB Mario Ramos 0-0: Swinging Strike
0-1: Foul Ball, location: 2F
0-2: Strikes out swinging
Batting: RHB Jerry Yates 0-0: Fly out, F9 (Flyball, 9S)
Bottom of the 8th over - 0 runs, 0 hits, 0 errors, 0 left on base; D.C. 0 - Nashville 5
TOP OF THE 9TH
D.C. Divided batting - Pitching for Nashville Outlaws : LHP António Muńóz
Batting: RHB Sherman N'Dir 0-0: Ball
1-0: Ball
2-0: SINGLE (Flyball, 9S)
Batting: RHB Arturo Rodríguez 0-0: Ball
1-0: Foul Ball, location: 2F
1-1: Fly out, F9 (Flyball, 89D)
Batting: RHB José Torres 0-0: Foul Ball, location: 2F
0-1: Called Strike
0-2: Fly out, F7 (Flyball, 7)
Batting: LHB Yao-pang Chiang 0-0: Ball
1-0: Ground out 4-3 (Groundball, 4S)
Top of the 9th over - 0 runs, 1 hit, 0 errors, 1 left on base; D.C. 0 - Nashville 5
Friday, March 29th, 2019 - OOTP Baseball 18.8 Build 76